Map: Dusk Towers

Players

LēgēnĐ

  • Race: Zerg Zerg
  • League: Master

Miszu - Winner!

  • Race: Terran Terran
  • League: Master

VOD

Have the link to the VOD?

Description

Time

  • Played on: April 17, 2016, 3:58 p.m.
  • Length: 10:15
Show
View Real Time Build Order
Export as new Build Order

LēgēnĐ Zerg 

Build Orders: Hatch First, Muta Ling Bane 

Get SALT Encoding   

  12  0:00  Drone  
  13  0:12  Overlord  
  13  0:18  Drone  
  14  0:31  Drone x2  
  14  0:35  Drone  
  17  0:54  Hatchery  
  17  0:55  Drone  
  17  0:58  Drone  
  18  1:09  Extractor  
  17  1:14  Spawning Pool  
  17  1:16  Drone  
  17  1:20  Drone  
  18  1:28  Drone  
  19  1:38  Overlord  
  19  1:49  Drone  
  20  2:00  Queen  
  22  2:01  Zergling x2  
  22  2:05  Queen  
  22  2:06  Zergling x2  
  26  2:11  Metabolic Boost, Drone  
  27  2:17  Drone  
  27  2:21  Drone  
  29  2:27  Overlord  
  29  2:33  Drone  
  30  2:38  Drone  
  30  2:41  Queen  
  33  2:49  Hatchery  
  32  2:52  Drone  
  32  2:54  Drone  
  32  2:55  Drone  
  35  3:01  Drone  
  36  3:15  Drone x6  
  42  3:20  Overlord x2  
  42  3:28  Drone x2  
  44  3:37  Queen  
  44  3:39  Drone x2  
  48  3:45  Overlord  
  48  3:47  Drone x4  
  52  4:02  Overlord  
  52  4:04  Spine Crawler  
  52  4:05  Extractor, Drone x4  
  52  4:08  Extractor  
  52  4:09  Baneling Nest  
  52  4:12  Queen, Drone x3  
  56  4:25  Zergling x10  
  56  4:27  Lair  
  61  4:34  Drone  
  61  4:35  Drone x2  
  64  4:44  Overlord  
  64  4:54  Drone  
  64  4:55  Drone x7  
  72  5:07  Extractor  
  72  5:10  Hatchery  
  70  5:23  Overlord  
  70  5:24  Drone x4  
  70  5:25  Drone x2  
  76  5:31  Spire  
  76  5:32  Drone x2  
  76  5:33  Drone  
  76  5:34  Drone x8  
  76  5:35  Evolution Chamber  
  85  5:36  Extractor  
  85  5:37  Extractor, Evolution Chamber  
  82  5:43  Overlord  
  82  5:44  Overlord, Centrifical Hooks  
  82  5:45  Drone  
  83  5:55  Zergling x8  
  87  6:03  Zerg Melee Weapons Level 1, Zerg Ground Armor Level 1  
  87  6:07  Overseer  
  87  6:12  Zergling x2  
  87  6:13  Zergling x16  
  87  6:14  Baneling  
  87  6:15  Baneling x12  
  87  6:16  Baneling x3  
  95  6:19  Zergling x2  
  95  6:21  Zergling x2  
  95  6:22  Queen  
  95  6:23  Overseer  
  99  6:26  Zergling x10  
  99  6:30  Zergling x6  
  99  6:31  Zergling x2  
  108  6:35  Zergling x8  
  108  6:39  Overlord x2  
  112  6:47  Overlord  
  112  6:48  Overlord  
  112  6:50  Zergling x4  
  114  7:07  Mutalisk x8  
  130  7:19  Mutalisk  
  131  7:25  Mutalisk  
  125  7:35  Mutalisk  
  119  7:38  Mutalisk  
  119  7:41  Drone x2  
  119  7:42  Drone  
  122  7:47  Mutalisk  
  114  7:57  Drone  
  113  8:01  Extractor, Zergling x12  
  113  8:02  Drone  
  113  8:03  Drone x8  
  108  8:16  Mutalisk x3  
  114  8:23  Drone x3  
  114  8:24  Drone x6  
  123  8:36  Zergling x8  
  123  8:37  Zergling x6  
  123  8:38  Baneling  
  123  8:39  Baneling x11  
  123  8:41  Queen  
  130  8:46  Extractor  
  131  8:49  Zergling x8  
  135  8:58  Hatchery  
  134  9:05  Overlord x3  
  134  9:06  Overlord  
  134  9:07  Drone x7  
  134  9:08  Drone  
  139  9:24  Zergling x2, Hatchery  
  138  9:25  Zergling x12  
  135  9:34  Zergling x4  
  135  9:37  Zergling x8  
  132  9:39  Baneling x11  
  132  9:43  Zergling x4  
  134  9:49  Infestation Pit, Zergling x8  
  133  9:55  Zergling x10  
  133  9:56  Zergling x2  
Show
View Real Time Build Order
Export as new Build Order

Miszu Terran - Winner!

Build Orders: Reaper Expand, Bio Mine 

Get SALT Encoding   

  12  0:01  SCV  
  13  0:13  SCV  
  14  0:17  Supply Depot  
  14  0:25  SCV  
  15  0:39  SCV  
  15  0:40  Barracks  
  16  0:43  Refinery  
  16  0:51  SCV  
  17  1:03  SCV  
  18  1:15  SCV  
  19  1:28  Orbital Command  
  19  1:29  Reaper  
  20  1:40  Command Center  
  20  1:48  Supply Depot  
  20  1:53  SCV  
  21  2:01  Marine  
  21  2:06  SCV  
  23  2:11  Factory  
  23  2:18  SCV  
  23  2:21  Barracks Reactor  
  24  2:30  SCV  
  25  2:41  Command Center  
  25  2:42  SCV  
  26  2:48  Barracks  
  26  2:51  Refinery  
  26  2:54  SCV  
  27  3:01  Orbital Command  
  27  3:12  SCV  
  27  3:24  SCV  
  27  3:26  Barracks Tech Lab  
  28  3:27  SCV  
  28  3:31  Hellion x2  
  33  3:36  SCV  
  33  3:38  Barracks  
  33  3:39  SCV  
  35  3:46  Marine, Stimpack  
  35  3:48  SCV  
  37  3:51  SCV  
  37  3:53  Orbital Command  
  38  4:00  SCV, Factory Reactor  
  38  4:01  Marine x2  
  41  4:04  SCV  
  41  4:09  Marine  
  43  4:12  SCV  
  43  4:16  Factory, SCV  
  45  4:19  Marine  
  46  4:24  SCV  
  46  4:25  Marine  
  46  4:28  Engineering Bay, SCV  
  46  4:29  Engineering Bay, Refinery  
  49  4:32  Orbital Command  
  49  4:36  SCV  
  50  4:40  SCV  
  50  4:41  Starport  
  50  4:42  Factory Reactor  
  50  4:45  Refinery, Marine x2  
  53  4:49  SCV  
  53  4:52  SCV  
  55  4:58  SCV  
  56  5:01  Marine x3, Barracks, SCV  
  56  5:02  Marine  
  56  5:03  Barracks  
  61  5:10  Terran Infantry Weapons Level 1, Terran Infantry Armor Level 1  
  61  5:13  Supply Depot  
  61  5:18  Supply Depot  
  61  5:22  Supply Depot  
  61  5:29  Factory Reactor  
  61  5:35  Medivac x2, Marauder, SCV x2  
  69  5:39  Marine x4  
  69  5:40  Supply Depot, SCV  
  74  5:47  SCV x2  
  74  5:49  Armory  
  76  5:52  SCV  
  76  5:55  Barracks Reactor x2  
  76  5:56  Marine  
  78  5:59  SCV x2  
  78  6:01  Combat Shields  
  78  6:04  Supply Depot x2, SCV  
  80  6:05  Medivac  
  83  6:11  SCV x2  
  83  6:13  Marine x3  
  83  6:14  Marine  
  83  6:16  Marine, SCV, Widow Mine  
  93  6:25  Widow Mine, SCV x2  
  97  6:28  Barracks, SCV  
  97  6:29  Barracks  
  97  6:31  Marine, Barracks  
  99  6:36  Supply Depot  
  99  6:37  SCV x2  
  101  6:40  Supply Depot  
  101  6:42  SCV  
  101  6:45  Refinery  
  102  6:53  SCV x2  
  104  6:55  SCV  
  105  7:02  Widow Mine x2  
  105  7:03  Medivac x2  
  105  7:05  SCV x2  
  105  7:07  Supply Depot, SCV  
  116  7:08  Supply Depot  
  116  7:09  Marauder  
  116  7:13  Marine x8  
  119  7:17  Factory, SCV x2  
  119  7:19  SCV  
  122  7:29  SCV x2  
  123  7:30  Marine  
  123  7:31  Marine x4, Marauder, SCV  
  130  7:37  Barracks Tech Lab x3  
  130  7:38  Supply Depot  
  128  7:52  Marauder  
  127  7:58  Marine, Marauder  
  127  7:59  Marauder  
  127  8:03  Marine x3, Marauder, Widow Mine  
  127  8:04  Hellion, Medivac x2  
  140  8:10  Marine  
  132  8:12  Factory Tech Lab  
  132  8:13  Marauder, Missile Turret  
  132  8:16  Supply Depot x2  
  132  8:19  Concussive Shells  
  136  8:20  Marine, Marauder x2  
  136  8:25  Marauder, Widow Mine  
  143  8:29  Marine  
  143  8:30  Marine x5  
  143  8:31  Drilling Claws  
  143  8:32  Command Center  
  149  8:37  Marine, Medivac  
  149  8:38  Marine, Marauder, Thor  
  149  8:39  Medivac, Widow Mine  
  165  8:52  Supply Depot  
  165  8:53  Supply Depot, Marine  
  165  8:54  Supply Depot, Marauder x3, SCV  
  173  9:10  Marine  
  173  9:13  Marine x6, Marauder  
  173  9:14  Marine, Widow Mine x2  
  173  9:15  Marauder  
  173  9:16  Marauder  
  192  9:17  Marauder  
  192  9:20  Widow Mine  
  192  9:21  Medivac  
  192  9:28  Marine  
  192  9:31  Marine x6  
  187  9:34  Marine  
  187  9:35  Marauder  
  187  9:36  Marine  
  187  9:37  Marauder  
  187  9:38  Marine  
  183  9:42  Widow Mine  
  183  9:43  Hellion  
  187  9:46  Marine  
  187  9:49  Marine x4  
Tags
 
Add a new tag
Caveats
  • Supply blocks, unpowered buildings, or Contaminate may cause inaccurate times.
  • Supply counts are checked every 10 seconds.